[Event "Early-Titled-Tuesday-Blitz-February-06-2024"]
[Site "Chess.com"]
[Date "2024.02.06"]
[Round "6"]
[White "NMJeevanK"]
[Black "Seochesspie"]
[Result "1-0"]
[WhiteElo "2601"]
[BlackElo "2784"]
[TimeControl "180+1"]
[EndTime "9:08:23 PST"]
[Termination "NMJeevanK won by checkmate"]

1. e4 c5 2. Nc3 Nc6 3. Bb5 Nd4 4. Bc4 e6 5. Nge2 Nc6 6. d4 cxd4 7. Nxd4 Nf6 8. Nxc6 bxc6 9. e5 Nd5 10. Nxd5 cxd5 11. Bd3 Ba6 12. O-O Bxd3 13. Qxd3 Qc7 14. Bf4 Be7 15. c3 O-O 16. Qg3 Rfc8 17. Rad1 Rab8 18.
Bc1 a5 19. f4 Qc4 20. f5 exf5 21. Rxf5 Qxa2 22. Rdf1 Rf8 23. Bh6 g6 24. e6 f6 25.
Bxf8 Rxf8 26. exd7 a4 27. Qe3 Bd8 28. Qe6+ Kg7 29.
Rxd5 Qxb2 30. c4 a3 31. Rdd1 Qc2 32. Qa6 a2 33. Ra1 Rf7 34. Rxa2 Qd3 35. Raf2 Qxd7 36. Kh1 Qd4 37. Qb5 Bc7 38. Qd5 Qh4 39. g3 Bxg3 40.
Rg2 Be5 41. c5 Qb4 42. c6 Qb6 43. Rc1 Rc7 44. Qc4 Qe3 45. Rd1 h5 46. Qd5 Kh6 47.
Qg8 Rg7 48. Qh8+ Rh7 49. Qf8+ Rg7 50. Qh8+ Rh7 51. Qd8 h4 52. Qf8+ Kh5 53. Qe8 Rh6 54.
Qd7 h3 55. Qg4# 1-0

[Event "Early-Titled-Tuesday-Blitz-February-06-2024"]
[Site "Chess.com"]
[Date "2024.02.06"]
[Round "6"]
[White "Lady_Nika"]
[Black "SargissyanSargis"]
[Result "1-0"]
[WhiteElo "2584"]
[BlackElo "2400"]
[TimeControl "180+1"]
[EndTime "9:08:24 PST"]
[Termination "Lady_Nika won by resignation"]

1. e4 c5 2. Nc3 Nc6 3. g3 g6 4. Bg2 Bg7 5. d3 d6 6. f4 e6 7. Nf3 Nge7 8. Rb1 Rb8 9. O-O O-O 10. Ne2 b5 11. Be3 f5 12. h3 Qa5 13. a3 b4 14.
axb4 Qxb4 15. Bd2 Qb6 16. Kh2 Nd4 17. c3 Nb3 18. Be3 Bd7 19. Qc2 d5 20. e5 a5 21. g4 a4 22. Ng3 d4 23. Bg1 Nd5 24. c4 Nxf4 25. gxf5 exf5 26. Rbe1 Nxg2 27. Qxg2 Bc6 28. Re2 Rbe8 29. Qf2 Bxf3 30. Qxf3 Rxe5 31.
Rfe1 Qd6 32. Bf2 Kh8 33. h4 Bf6 34. Rxe5 Bxe5 35. h5 Kg7 36. Rg1 Kh8 37. Kh1 Qf6 38.
Rg2 Qh4+ 39. Rh2 Qg5 40. hxg6 Qxg6 41. Rh3 Na5 42. Qd5 Bf4 43. Nh5 Rg8 44. Nxf4 Qf6 45. Qd7 Rg7 46. Qe8+ Rg8 47. Qh5 Rg7 48. Qf3 Nc6 49.
Nh5 Ne5 50. Qa8+ Rg8 51. Qxg8+ Kxg8 52. Nxf6+ 1-0

[Event "Early-Titled-Tuesday-Blitz-February-06-2024"]
[Site "Chess.com"]
[Date "2024.02.06"]
[Round "6"]
[White "aranibos"]
[Black "tusplingher"]
[Result "1-0"]
[WhiteElo "2289"]
[BlackElo "2451"]
[TimeControl "180+1"]
[EndTime "9:08:24 PST"]
[Termination "aranibos won on time"]

1. d4 Nf6 2. Bg5 c6 3. Nd2 d5 4.
e3 Bf5 5. f4 Nbd7 6. Ngf3 e6 7.
Ne5 Be7 8. Bd3 Bxd3 9. cxd3 Nxe5 10. dxe5 Nd7 11. Bxe7 Qxe7 12. O-O f6 13. d4 c5 14. Qa4 O-O 15. Qa3 Rfe8 16. Rac1 cxd4 17. Qxe7 Rxe7 18. exd4 fxe5 19. fxe5 Nb6 20. b3 Rc8 21. Rxc8+ Nxc8 22. Nf3 Rc7 23. Ng5 Rc6 24. h4 h6 25.
Nf3 Ne7 26. g4 Ra6 27. Rf2 Nc6 28. Rc2 Kf7 29. h5 Ke7 30. Nh4 Kd7 31. Nf3 Nb4 32.
Rc3 Rxa2 33. g5 a5 34. g6 b5 35. Nh4 a4 36. Rf3 a3 37. Rf7+ Kc6 38. Rxg7 Kb6 39.
Rg8 Rb2 40. g7 a2 41. Rb8+ Ka5 42. Ra8+ Na6 43. Ng2 a1=Q+ 44. Kh2 Qf1 45. g8=Q Qf4+ 46. Qg3 Qxg3+ 47. Kxg3 Rxb3+ 48. Kg4 Rb4 49. Nf4 Rxd4 50. Kf3 b4 51. Nxe6 Rd3+ 52. Ke2 Ra3 53. Nc5 Kb5 54.
Rxa6 Rc3 55. e6 Rxc5 56. Ra8 1-0

[Event "Early-Titled-Tuesday-Blitz-February-06-2024"]
[Site "Chess.com"]
[Date "2024.02.06"]
[Round "6"]
[White "Andrey_Klymchuk"]
[Black "vishwa_vijeta"]
[Result "0-1"]
[WhiteElo "2750"]
[BlackElo "2578"]
[TimeControl "180+1"]
[EndTime "9:08:25 PST"]
[Termination "vishwa_vijeta won by resignation"]

1. e4 c5 2. d4 cxd4 3. Qxd4 Nc6 4. Qd3 g6 5. Nc3 Bg7 6. Nf3 d6 7. Nd5 Nf6 8. c3 O-O 9. Be2 Be6 10. O-O Rc8 11. h3 Qa5 12. Rd1 Rfd8 13. Bg5 h6 14. Nxf6+ Bxf6 15. Bxh6 d5 16. exd5 Bxd5 17. Qe3 e5 18.
Ng5 Ne7 19. Bg4 Rb8 20. Ne4 Bh8 21. Bg5 Bxe4 22. Qxe4 f6 23. Qc4+ Kf8 24. Be3 f5 25.
Be2 Bf6 26. b4 Qa4 27. Bh6+ Bg7 28. Bxg7+ Kxg7 29. Qe6 Nc6 30. Rd7+ Kh6 31. Rad1 Nd4 32. R1xd4 exd4 33. Rxd4 Rxd4 34. cxd4 Qxb4 35. Bc4 Rd8 36. Qf6 Qd6 37. Qh4+ Kg7 38. Qg5 Qxd4 39. Bb3 Qa1+ 40.
Kh2 Qe5+ 41. f4 Qf6 42. Qg3 Rd4 43. Qe3 Qd6 44. g3 Rd2+ 45. Kg1 Qd4 46. Qxd4+ Rxd4 47. Kf2 a5 48. Ke3 Rb4 49. g4 a4 50. Bd5 Rb2 51.
gxf5 gxf5 52. Kd4 b5 53. a3 b4 54. axb4 Rxb4+ 55. Ke5 a3 56. Kxf5 Rb2 57. Ke6 a2 58. f5 a1=Q 59. f6+ Kf8 60. Kd6 Re2 0-1

[Event "Early-Titled-Tuesday-Blitz-February-06-2024"]
[Site "Chess.com"]
[Date "2024.02.06"]
[Round "6"]
[White "viktorskliarov"]
[Black "DinaBelenkaya"]
[Result "1-0"]
[WhiteElo "2636"]
[BlackElo "2435"]
[TimeControl "180+1"]
[EndTime "9:08:25 PST"]
[Termination "viktorskliarov won by checkmate"]

1. e4 c6 2. d4 d5 3. e5 Bf5 4. Nf3 e6 5. Be2 Be7 6. O-O Nd7 7. a4 Bg6 8. Na3 Nh6 9. Bxh6 gxh6 10. c4 dxc4 11.
Nxc4 Nb6 12. Qb3 Nxc4 13. Bxc4 Qd7 14. Qe3 Rg8 15. a5 a6 16. Rfd1 Bh5 17. Rd3 Bg4 18. Rb3 h5 19. Kf1 h4 20. h3 Bf5 21. Rc1 Rg6 22.
Bd3 Bxd3+ 23. Qxd3 Kf8 24. Qe4 Kg7 25. Nxh4 Bxh4 26.
Qxh4 Rd8 27. Rxb7 Qxb7 28. Qxd8 Qxb2 29. Re1 Qb5+ 30. Kg1 Qd5 31. Qxd5 exd5 32. Rb1 c5 33. dxc5 Rc6 34. Rb6 Rxc5 35. Rxa6 Rc1+ 36. Kh2 Ra1 37. f4 d4 38. Rd6 Ra4 39. a6 d3 40. Rxd3 Rxa6 41. Kg3 Ra4 42. Kf3 Ra2 43. g4 Rb2 44. h4 Rh2 45. Kg3 Re2 46. Kf3 Rh2 47. h5 h6 48. Ke4 Rg2 49. Kf5 Rb2 50. Rd7 Rb5 51. Rc7 Ra5 52. g5 hxg5 53. fxg5 Ra4 54. g6 Kh6 55. Rxf7 Rf4+ 56. Kxf4 Kxh5 57. Rf6 Kh6 58. g7+ Kxg7 59. Kf5 Kg8 60. Kg6 Kh8 61. Rf8# 1-0

[Event "Early-Titled-Tuesday-Blitz-February-06-2024"]
[Site "Chess.com"]
[Date "2024.02.06"]
[Round "6"]
[White "gpsji27"]
[Black "C_K_G"]
[Result "1-0"]
[WhiteElo "2317"]
[BlackElo "2121"]
[TimeControl "180+1"]
[EndTime "9:08:25 PST"]
[Termination "gpsji27 won on time"]

1. d4 d5 2. Nf3 e6 3. Bg5 Nf6 4.
e3 c5 5. c3 Nc6 6. Nbd2 Bd6 7.
Bd3 O-O 8. O-O h6 9. Bh4 e5 10. dxe5 Nxe5 11. Nxe5 Bxe5 12. Nf3 Bc7 13. Qe2 Bg4 14.
h3 Bh5 15. Rfd1 Qd6 16. Bg3 Qe7 17. Bxc7 Qxc7 18. Re1 Ne4 19. g4 Bg6 20. Rad1 Rad8 21. Kg2 f5 22. Bxe4 fxg4 23. Bxd5+ Rxd5 24. Qc4 gxf3+ 25. Kh1 Bf7 26. Rxd5 Qc6 27. e4 Qe6 28. Kh2 Qf6 29. Qd3 Qf4+ 30. Kh1 Bxd5 31. Qxd5+ Kh8 32. Rg1 Qh4 33. Rg3 Qf6 34. Kh2 Rd8 35. Qxc5 Rd2 36. Qc8+ Kh7 37. Qf5+ Qxf5 38. exf5 Rxf2+ 39. Kg1 Rxb2 40. Rxf3 Rxa2 41. Rf4 Rc2 42. Rb4 Rxc3 43. Rxb7 Rxh3 44. Rxa7 Rf3 45. Ra5 h5 46. Kg2 Rf4 47. Kg3 Rg4+ 48. Kh3 Kh6 49. Ra6+ Kg5 50. Ra5 Rf4 51. f6+ 1-0

[Event "Early-Titled-Tuesday-Blitz-February-06-2024"]
[Site "Chess.com"]
[Date "2024.02.06"]
[Round "6"]
[White "kai_nov"]
[Black "stratacticos"]
[Result "1-0"]
[WhiteElo "2299"]
[BlackElo "2049"]
[TimeControl "180+1"]
[EndTime "9:08:25 PST"]
[Termination "kai_nov won on time"]

1. e4 c5 2. Nf3 Nc6 3. c3 Nf6 4. e5 Nd5 5. d4 cxd4 6. cxd4 g6 7. Nc3 Nxc3 8. bxc3 Bg7 9. Bd3 O-O 10. O-O d6 11. exd6 Qxd6 12. Be3 Bg4 13. h3 Bxf3 14. Qxf3 e5 15. d5 Ne7 16. c4 b6 17. Rac1 Rac8 18.
Rfd1 f5 19. Bb1 e4 20. Qe2 f4 21. Bd4 Bxd4 22. Rxd4 e3 23. f3 b5 24. Be4 Qc5 25.
Qd3 e2 26. Kf2 bxc4 27. Rxc4 Qb6 28. Kxe2 Rxc4 29. Rxc4 Qg1 30. d6 Qxg2+ 31. Kd1 Qg1+ 32. Kc2 Qf2+ 33. Kc3 Rb8 34. Bd5+ Nxd5+ 35. Qxd5+ Kg7 36. Qe5+ Kh6 37. Qxf4+ g5 38. Qf6+ Kh5 39. Qf7+ Kh6 40. Qe6+ Kh5 41. Qg4+ Kg6 42. Qe4+ Kh6 43. Kd3 Qf1+ 44.
Kd4 Qf2+ 45. Ke5 Re8+ 46. Kd5 Rxe4 47. fxe4 Qd2+ 48. Rd4 Qa5+ 49. Ke6 Qd8 50. d7 Kg6 51. Rd6 a5 52. e5 h5 53. Rc6 Qg8+ 54. Kd6 Qf8+ 55.
Kc7+ Kg7 56. d8=Q 1-0

[Event "Early-Titled-Tuesday-Blitz-February-06-2024"]
[Site "Chess.com"]
[Date "2024.02.06"]
[Round "6"]
[White "klimkoj"]
[Black "FontVella8"]
[Result "0-1"]
[WhiteElo "2913"]
[BlackElo "2765"]
[TimeControl "180+1"]
[EndTime "9:08:26 PST"]
[Termination "FontVella8 won on time"]

1. c4 e6 2. Nf3 d5 3. e3 Nf6 4. Nc3 Bd6 5. b3 O-O 6. Bb2 c6 7. Qc2 e5 8. d4 e4 9. Nd2 Re8 10. cxd5 cxd5 11. Nb5 Nc6 12. Nxd6 Qxd6 13. h3 Bf5 14. a3 Rac8 15. Qd1 Rc7 16. Be2 Rec8 17. Rc1 Ne7 18. Rxc7 Qxc7 19. O-O Qc2 20. Ba1 Kf8 21. b4 Bd7 22. b5 Nf5 23. a4 Nd6 24. Re1 Qa2 25.
Bf1 Rc2 26. Re2 Qxa4 27. Nxe4 Ra2 28. Qxa4 Rxa4 29. Nxd6 Rxa1 30. Rb2 b6 31. g4 Ke7 32.
Nf5+ Bxf5 33. gxf5 Ne4 34. Kg2 Nd6 35. Rc2 Nxf5 36. Rc7+ Ke6 37. Bd3 Nd6 38. Kf3 g6 39. Rc6 Ra3 40. Be2 Kd7 41. Rc2 Ra5 42. Rb2 Nc4 43. Rb4 Nd2+ 44. Kf4 Ne4 45. f3 Nd6 46. Ke5 Ra2 47. Bd3 Ra3 48. Bc2 Rxe3+ 49. Kxd5 Rxf3 50. Ra4 Nxb5 51. Ra1 Nc7+ 52. Kc4 Rxh3 0-1

[Event "Early-Titled-Tuesday-Blitz-February-06-2024"]
[Site "Chess.com"]
[Date "2024.02.06"]
[Round "6"]
[White "Bkmzzzzz"]
[Black "CristianS27"]
[Result "0-1"]
[WhiteElo "2389"]
[BlackElo "2578"]
[TimeControl "180+1"]
[EndTime "9:08:26 PST"]
[Termination "CristianS27 won by resignation"]

1. e4 e5 2. Nf3 Nc6 3. Nc3 Nf6 4. d4 exd4 5. Nxd4 Nxe4 6. Nxe4 Qe7 7. Qd3 d5 8. Nxc6 bxc6 9. f3 dxe4 10. Qxe4 Bf5 11. Qxe7+ Bxe7 12. c3 O-O-O 13. Ba6+ Kb8 14. Be3 Rhe8 15.
Kf2 Bd3 16. Bxd3 Rxd3 17. Rhd1 Rd5 18. Bd4 g6 19. Re1 Rdd8 20. Re2 c5 21. Be3 c4 22.
Rae1 Kb7 23. g3 Bf6 24. Bf4 Rxe2+ 25. Rxe2 Rd1 26. a3 a6 27. h4 h5 28. Ke3 Rb1 29.
Ke4 Kc6 30. Be3 Bg7 31. f4 f5+ 32. Kf3 Rf1+ 33. Kg2 Rb1 34. Bf2 Kb5 35. Kf3 Ka4 36.
Re7 Bf6 37. Rxc7 Kb3 38. Rc6 Be7 39. Rxa6 Rxb2 40. Rxg6 Kxc3 41. Re6 Bxa3 42. Be1+ Kb3 43. Rc6 Bb4 44. Rb6 Ka3 45. Ra6+ Kb3 46. Bxb4 Kxb4 47. Ke3 Rb3+ 48. Kd4 Rd3+ 49. Ke5 Rxg3 50. Kxf5 Rg4 51. Rh6 Rxh4 52. Kg5 Rh1 53. f5 c3 54. Rc6 h4 55.
f6 h3 56. Kg4 h2 57. Kh3 Rf1 58. Kg2 h1=Q+ 0-1

[Event "Early-Titled-Tuesday-Blitz-February-06-2024"]
[Site "Chess.com"]
[Date "2024.02.06"]
[Round "6"]
[White "xakevicius91"]
[Black "OK97"]
[Result "0-1"]
[WhiteElo "2604"]
[BlackElo "2821"]
[TimeControl "180+1"]
[EndTime "9:08:27 PST"]
[Termination "OK97 won by resignation"]

1. e4 Nc6 2. Nf3 d6 3. d4 Nf6 4. Nc3 g6 5. Be2 Bg7 6. Bg5 O-O 7. Qd2 Bg4 8. Bh6 Bxh6 9. Qxh6 Bxf3 10. gxf3 Nxd4 11.
O-O-O e5 12. Rhg1 Kh8 13. f4 Ng8 14. Qh3 Nxe2+ 15. Nxe2 Qf6 16. fxe5 Qxe5 17. Qd3 Rae8 18. f3 f5 19. Nc3 fxe4 20. fxe4 Nf6 21. Rde1 Nh5 22.
Qc4 c6 23. Qb4 Re7 24. Rd1 Rf6 25. a4 Kg7 26. Kb1 Rfe6 27. h4 Nf6 28. Rg5 Qf4 29.
Qd4 c5 30. Qc4 Qxh4 31. Rgg1 Qf4 32. Rdf1 Qe5 33. Re1 Qd4 34. Qb5 Qb4 35. Qd3 Qd4 36. Qb5 Nxe4 37. Nxe4 Rxe4 38. Rd1 Qe5 39. Qf1 Rb4 40.
c3 Qe4+ 41. Kc1 Rxa4 42. Qf2 Ra1+ 43. Kd2 Rxd1+ 44. Rxd1 Rf7 45. Qg3 Qf4+ 46. Qxf4 Rxf4 47. Ke3 Rf6 48. b4 cxb4 49. cxb4 a6 50. b5 axb5 51. Rb1 Rf5 52. Rc1 Rc5 53. Rd1 Rc6 54. Kd4 g5 55. Kd5 Kg6 56. Rb1 h5 57. Rf1 h4 58. Ke6 Rc2 59. Rf8 Re2+ 60. Kxd6 h3 61. Rb8 h2 62. Rh8 g4 63. Kd5 g3 64.
Kd4 g2 65. Kd3 Rf2 66. Ke3 g1=Q 67. Rg8+ Kf7 0-1

[Event "Early-Titled-Tuesday-Blitz-February-06-2024"]
[Site "Chess.com"]
[Date "2024.02.06"]
[Round "6"]
[White "GMAkobianSTL"]
[Black "ama18"]
[Result "1-0"]
[WhiteElo "2723"]
[BlackElo "2538"]
[TimeControl "180+1"]
[EndTime "9:08:28 PST"]
[Termination "GMAkobianSTL won by resignation"]

1. d4 Nf6 2. c4 e6 3. Nf3 b6 4. a3 Bb7 5. Nc3 d5 6. Bg5 Be7 7. Qa4+ c6 8. cxd5 exd5 9. e3 O-O 10. Bd3 Nbd7 11. O-O c5 12. Rad1 h6 13. Bh4 c4 14.
Bf5 a6 15. Ne5 b5 16. Qc2 Nb6 17. f4 Qd6 18. Rf3 Bc8 19. Rg3 Bxf5 20. Qxf5 Qe6 21. Qxe6 fxe6 22. Ng6 Bd6 23. Nxf8 Rxf8 24. Bxf6 Rxf6 25.
Rf3 Na4 26. Nxa4 bxa4 27. g3 Rf8 28. e4 Rb8 29. Rd2 Kf7 30. exd5 exd5 31. Kf2 Rb3 32. Re3 Bc7 33. Ke2 Ba5 34. Rxb3 axb3 35. Rd1 Ke6 36. g4 Kd6 37. h4 Bd8 38. g5 hxg5 39.
fxg5 Ke6 40. Rf1 Be7 41. Ke3 Bd8 42. a4 Be7 43. Rf2 Bd8 44. Rf8 Be7 45. Ra8 a5 46. Rxa5 Bd6 47. Rb5 Bg3 48. h5 Bh4 49. Kf4 Be1 50.
a5 Bd2+ 51. Kg4 Be3 52. a6 Bxd4 53. h6 gxh6 54. gxh6 Kf7 55. h7 Kg7 56. a7 Bxa7 57. Rb7+ Kh8 58. Rxa7 c3 59. bxc3 b2 60. Rb7 d4 61.
cxd4 b1=Q 62. Rxb1 1-0

[Event "Early-Titled-Tuesday-Blitz-February-06-2024"]
[Site "Chess.com"]
[Date "2024.02.06"]
[Round "6"]
[White "erugee"]
[Black "guillembaches"]
[Result "0-1"]
[WhiteElo "2339"]
[BlackElo "2563"]
[TimeControl "180+1"]
[EndTime "9:08:28 PST"]
[Termination "guillembaches won on time"]

1. e4 c5 2. Nf3 d6 3. d3 Nf6 4. Nbd2 Nc6 5. g3 g6 6. Bg2 Bg7 7. O-O O-O 8. Re1 Rb8 9. e5 Nd5 10. exd6 exd6 11. a3 h6 12. h3 Be6 13. Ne4 Nf6 14. Nxf6+ Qxf6 15. Rb1 Rfe8 16. Bd2 g5 17. Bc3 Nd4 18. Nxd4 cxd4 19. Bb4 Bd7 20. Qf3 Qxf3 21. Bxf3 Be5 22. Kg2 b6 23. Re2 a5 24. Be1 Kg7 25.
Bd5 Rbc8 26. b4 axb4 27. Bxb4 Ba4 28. Bb3 Bc6+ 29. f3 f5 30. Rbe1 g4 31. hxg4 fxg4 32. Kf2 gxf3 33. Re4 Bxe4 34. Rxe4 Rf8 35. Rg4+ Kh7 36. Bd2 Rce8 37. Bd5 Bg7 38. Bxf3 Re5 39. Kg2 Kh8 40. Bf4 Rc5 41. Bd1 Be5 42. Bxh6 Rg8 43. Bg5 Rg6 44. Rh4+ Kg7 45. Bf4 Bxf4 46. Rxf4 Rcg5 47.
g4 Rc5 48. Rxd4 Re6 49. Rf4 Re1 50. Rf1 Rxf1 51. Kxf1 Kf6 52. Ke2 Rc3 53. a4 Kg5 54.
Kd2 Ra3 55. c4 Kf4 56. Kc2 Ra1 57. Kd2 Rb1 58. Bc2 Rg1 59. Bd1 Rg2+ 60. Kc3 Ke3 61. d4 Rd2 62. Bc2 Rxd4 63. g5 Rg4 64. g6 Rg5 0-1

[Event "Early-Titled-Tuesday-Blitz-February-06-2024"]
[Site "Chess.com"]
[Date "2024.02.06"]
[Round "6"]
[White "KorolDimitriy75"]
[Black "AA95"]
[Result "1/2-1/2"]
[WhiteElo "2378"]
[BlackElo "2501"]
[TimeControl "180+1"]
[EndTime "9:08:28 PST"]
[Termination "Game drawn - insufficient material"]

1. d4 d5 2. c4 e6 3. Nc3 Nf6 4. Bg5 Be7 5. cxd5 exd5 6. e3 O-O 7.
Bd3 h6 8. Bh4 Re8 9. Qc2 c6 10.
Nge2 Ne4 11. Bxe7 Qxe7 12. O-O Nd7 13. Rae1 a5 14. f3 Nxc3 15. Nxc3 Qf6 16. Qd2 Nf8 17. Bb1 Ne6 18. Rd1 b6 19. e4 Ba6 20. e5 Qf4 21. Qxf4 Nxf4 22. Rfe1 b5 23. g3 Ne6 24. f4 b4 25. Ne2 f6 26. f5 Ng5 27. Kf2 fxe5 28. dxe5 Rxe5 29. Nd4 Rxe1 30. Rxe1 c5 31. Ne6 Re8 32.
Nxc5 Rxe1 33. Kxe1 Bc8 34. Kf2 Kf7 35. h4 Nh7 36.
Ke3 h5 37. Kf4 Kf6 38. Bd3 Nf8 39. Nb3 Nd7 40. Nd4 Nc5 41. Be2 Na4 42. b3 Nc3 43. Bxh5 Nxa2 44. g4 Nc1 45. g5+ Ke7 46. Ke5 Nd3+ 47.
Kxd5 Nf4+ 48. Kc5 Nxh5 49. Kb5 Ng3 50. f6+ gxf6 51. gxf6+ Kxf6 52. Kxa5 Nf5 53. Nxf5 Bxf5 54. Kxb4 Bc2 55. Kc3 Bxb3 56. Kxb3 Kg6 57. Kc4 Kh5 58. Kd4 Kxh4 1/2-1/2

[Event "Early-Titled-Tuesday-Blitz-February-06-2024"]
[Site "Chess.com"]
[Date "2024.02.06"]
[Round "6"]
[White "mkllnd1517"]
[Black "frequentblunders"]
[Result "1-0"]
[WhiteElo "2349"]
[BlackElo "2176"]
[TimeControl "180+1"]
[EndTime "9:08:29 PST"]
[Termination "mkllnd1517 won on time"]

1. Nf3 d5 2. b3 c5 3. e3 Nc6 4.
Bb2 Nf6 5. Bb5 e6 6. O-O Qb6 7. c4 Be7 8. Nc3 O-O 9. cxd5 exd5 10. Be2 Bg4 11. Na4 Qc7 12. Rc1 b6 13. d4 Ne4 14. dxc5 bxc5 15. Qxd5 Nf6 16. Qg5 h6 17. Qh4 Bf5 18. Qc4 Ne4 19. Rfd1 Rac8 20. Bd3 Nd6 21.
Qxc5 Bxd3 22. Rxd3 Ne4 23. Qc2 Qb7 24. Rdd1 Nb4 25.
Qb1 Rfd8 26. Rxc8 Rxc8 27. a3 Nc2 28. Nd4 Nxa3 29. Qa1 Qb4 30. Bxa3 Qxa3 31. Qxa3 Bxa3 32. f3 Nc3 33. Re1 Nxa4 34. bxa4 Rc3 35. Nb5 Rb3 36. Kf2 Bc5 37. Re2 Rb4 38. Nc3 Rc4 39. Ne4 Bb6 40.
Ra2 Rb4 41. Nd6 Rb3 42. Nc4 Bc5 43. a5 Rc3 44. Ra4 Rc2+ 45. Kg3 Rc3 46. e4 f6 47. Nd2 Be3 48. Nf1 Bc5 49. Ra2 Bd6+ 50. Kh3 Rd3 51. Ng3 Kh7 52. Nf5 1-0

[Event "Early-Titled-Tuesday-Blitz-February-06-2024"]
[Site "Chess.com"]
[Date "2024.02.06"]
[Round "6"]
[White "Sam_ChessMood"]
[Black "FabianoCaruana"]
[Result "1/2-1/2"]
[WhiteElo "2917"]
[BlackElo "3047"]
[TimeControl "180+1"]
[EndTime "9:08:32 PST"]
[Termination "Game drawn by agreement"]

1. d4 Nf6 2. c4 e6 3. Nf3 d5 4.
Nc3 Bb4 5. Qa4+ Nc6 6. e3 O-O 7.
Qc2 b6 8. Bd2 Bb7 9. a3 Bd6 10.
Nb5 Be7 11. Be2 a6 12. Nc3 Bd6 13. O-O Ne7 14. b4 dxc4 15. e4 c5 16. dxc5 Bc7 17. Be3 b5 18. Rfd1 Qb8 19. h3 Ng6 20. a4 Bf4 21. Bxf4 Nxf4 22. Bf1 a5 23. axb5 axb4 24. c6 Rxa1 25. Rxa1 bxc3 26. Qxc3 Bc8 27. Qxc4 e5 28. Qc5 Nxe4 29. Qxe5 Qxe5 30. Nxe5 Nd5 31. Nc4 Nc5 32. b6 g6 33. c7 Ne6 34. Ra7 Bd7 35. Be2 Kg7 36. Bf3 Nb4 37. Ne5 Bb5 38. b7 Nxc7 39. b8=Q Rxb8 40. Rxc7 Be8 41. Rc4 Na6 42. Rc1 Nb4 43.
Rb1 Na6 44. Rxb8 Nxb8 45. Nd3 f6 46. Nc5 Bf7 47. g3 Be8 48. Nd3 Nd7 49. Bc6 Kf8 50. Bxd7 Bxd7 51. h4 Ke7 52. Nf4 g5 53. hxg5 fxg5 54. Ng2 Kf6 55. f4 gxf4 56. Nxf4 Kg5 1/2-1/2

[Event "Early-Titled-Tuesday-Blitz-February-06-2024"]
[Site "Chess.com"]
[Date "2024.02.06"]
[Round "6"]
[White "Attacker_2006"]
[Black "eightbyeightchess"]
[Result "0-1"]
[WhiteElo "2485"]
[BlackElo "2365"]
[TimeControl "180+1"]
[EndTime "9:08:33 PST"]
[Termination "eightbyeightchess won by resignation"]

1. e4 d5 2. exd5 Nf6 3. d4 Bg4 4. Be2 Bxe2 5. Qxe2 Qxd5 6. Nf3 Nc6 7. c3 O-O-O 8. O-O Qh5 9. Bf4 e6 10. a4 Bd6 11. Bxd6 Rxd6 12. b4 e5 13. b5 e4 14.
bxc6 Rxc6 15. Nbd2 exf3 16. Nxf3 Rxc3 17. a5 Re8 18. Qb2 Rxf3 19. Rab1 Rf5 20. Qxb7+ Kd7 21. Rfc1 Rc8 22. Re1 Rxa5 23. Rbc1 Qd5 24. Qb4 Re8 25.
Red1 Rb5 26. Qa4 a5 27. Rc5 Qxc5 28. dxc5+ Kc6 29. Rb1 Rb8 30. g4 Nd5 31. Rxb5 Rxb5 32. Qe4 Kxc5 33. Qxh7 a4 34. Qxg7 Kc4 35. h4 a3 36. Qa1 Rb3 37. Kg2 Nc3 38. h5 a2 39.
Qf1+ Kb4 40. h6 Rb1 41. h7 Rxf1 42. h8=Q a1=Q 43. Qf8+ Kb3 44. Qxf7+ Kb2 45. Qf6 Rg1+ 46. Kf3 Qd1+ 47. Kf4 Qd2+ 48. Kf3 Qe2+ 49. Kf4 Qxf2+ 50. Kg5 Rxg4+ 51. Kxg4 Qxf6 0-1

[Event "Early-Titled-Tuesday-Blitz-February-06-2024"]
[Site "Chess.com"]
[Date "2024.02.06"]
[Round "6"]
[White "Shushik"]
[Black "Elnaz_Kaliakhmet"]
[Result "1/2-1/2"]
[WhiteElo "2532"]
[BlackElo "2245"]
[TimeControl "180+1"]
[EndTime "9:08:34 PST"]
[Termination "Game drawn by repetition"]

1. e4 c5 2. Ne2 Nc6 3. g3 g6 4.
Bg2 Bg7 5. c3 e5 6. O-O Nge7 7.
Na3 O-O 8. d3 d5 9. exd5 Nxd5 10. Nc4 Be6 11. Qc2 Qe7 12. Bd2 Rad8 13. Rad1 f5 14.
f4 Qf7 15. b3 b5 16. Nxe5 Nxe5 17. fxe5 Bxe5 18. Nf4 Nxf4 19. Bxf4 Bxf4 20. Rxf4 Bd5 21. Rff1 Bxg2 22. Qxg2 Rfe8 23. Qf3 Re7 24. Rfe1 Qe8 25.
Kf2 b4 26. cxb4 cxb4 27. Rxe7 Qxe7 28. Re1 Qc5+ 29. Kf1 Qc3 30. Rd1 Qc2 31. Qe2 Qc6 32. Kf2 Kf7 33. Re1 Qc5+ 34. Kf1 Qd6 35. Kg2 Rd7 36.
d4 Qd5+ 37. Kh3 Qxd4 38. Qe8+ Kg7 39. Re7+ Rxe7 40. Qxe7+ Kh6 41. Qe2 Qd6 42. Qe3+ g5 43.
Qxa7 g4+ 44. Kg2 Qd2+ 45. Kg1 Qe1+ 46. Kg2 Qe2+ 47. Kg1 Qe1+ 48. Kg2 Qe4+ 49. Kg1 Kg6 50. Qb6+ Kh5 51. Qa7 Kg6 52. Qb6+ Kg5 53. Qd8+ Kg6 54. Qd2 h5 55. Qd6+ Kg5 56. Qd8+ Kg6 57. Qd6+ Kf7 58. Qd7+ Qe7 59. Qxf5+ Kg8 60. Qg6+ Kf8 61. Qh6+ Kg8 62. Qxh5 Qe1+ 63. Kg2 Qe2+ 64. Kg1 Qe1+ 65. Kg2 Qe2+ 66. Kg1 Qe1+ 1/2-1/2

[Event "Early-Titled-Tuesday-Blitz-February-06-2024"]
[Site "Chess.com"]
[Date "2024.02.06"]
[Round "6"]
[White "alexrustemov"]
[Black "Chessdreamer2020"]
[Result "1-0"]
[WhiteElo "2759"]
[BlackElo "2551"]
[TimeControl "180+1"]
[EndTime "9:08:36 PST"]
[Termination "alexrustemov won by resignation"]

1. d4 d6 2. Nf3 Bg4 3. c4 Bxf3 4. exf3 g6 5. Nc3 Bg7 6. Be2 e6 7. d5 Ne7 8. O-O O-O 9. Re1 Nd7 10. Bf1 e5 11. Bd3 a5 12. Be3 b6 13. Qd2 f5 14. f4 e4 15. Be2 Nc5 16. f3 Qd7 17. Bd4 Rae8 18. Bxg7 Kxg7 19. Qd4+ Kg8 20. fxe4 fxe4 21.
Nxe4 Nxe4 22. Qxe4 Nf5 23. Qd3 Re3 24. Qd2 Rfe8 25.
Bg4 Qe7 26. Rxe3 Qxe3+ 27. Qxe3 Rxe3 28. g3 Kf8 29. Kf2 Re4 30. Bxf5 gxf5 31. Rc1 Kf7 32. Rc2 Rd4 33. Ke3 Re4+ 34. Kd3 Re1 35. Re2 Ra1 36. a3 Rb1 37. Kc3 Rc1+ 38. Kb3 Rh1 39. Ka4 Rc1 40.
Kb5 h5 41. b3 Rc3 42. Kc6 Rxb3 43. Kxc7 Rxa3 44. Rc2 Ke7 45. Re2+ Kf7 46. Kxb6 Rc3 47.
Kc6 Rxc4+ 48. Kxd6 a4 49. Re7+ Kf6 50. Ra7 h4 51.
Kd7 h3 52. d6 Rc2 53. Ke8 Re2+ 54. Re7 Rxh2 55. d7 Rd2 56. d8=Q Rxd8+ 57. Kxd8 Kg6 58.
Kd7 a3 59. Re2 Kh5 60. Ke6 Kg4 61. Ra2 h2 62. Rxh2 Kxg3 63. Ra2 Kxf4 64. Kd5 Kg4 65. Rxa3 f4 66. Ke4 f3 67. Rxf3 1-0

[Event "Early-Titled-Tuesday-Blitz-February-06-2024"]
[Site "Chess.com"]
[Date "2024.02.06"]
[Round "6"]
[White "DonkyDonkyDonkey"]
[Black "Agibileg"]
[Result "0-1"]
[WhiteElo "2902"]
[BlackElo "2753"]
[TimeControl "180+1"]
[EndTime "9:08:37 PST"]
[Termination "Agibileg won by resignation"]

1. e4 e5 2. Nf3 Nc6 3. Nc3 Nf6 4.
h3 a6 5. d4 exd4 6. Nxd4 Bb4 7. Nxc6 bxc6 8. Bd3 d5 9. exd5 cxd5 10. O-O O-O 11. Bg5 h6 12. Bxf6 Qxf6 13. Nxd5 Qg5 14.
Nxb4 Bb7 15. Qg4 Qxg4 16. hxg4 a5 17. a3 axb4 18. axb4 Rab8 19. Ra7 Rfd8 20. Re1 Kf8 21. f3 Rd4 22. b5 g6 23. Re5 Rb4 24. b3 Rd4 25.
Rc5 Rd7 26. Kf2 Ke7 27. Ke3 Kd6 28. b4 Re7+ 29. Kd2 Ree8 30. Rc4 Re7 31. Rd4+ Ke5 32. c3 Kf6 33. b6 cxb6 34. Rd6+ Re6 35. Rd7 Bc6 36.
Rxf7+ Kg5 37. Rae7 Rd6 38. Ke3 Kh4 39. Rg7 Rbd8 40.
Bxg6 Kg3 41. g5 Rd1 42. Ke2 Bb5+ 43. Bd3 R1xd3 44. gxh6+ Kh2 45. Kf2 Rd2+ 46. Ke3 Re2+ 47. Kf4 Rxe7 48. Rxe7 Kxg2 49. h7 Rh8 50. Ke3 Ba4 51.
f4 Bc2 52. Rg7+ Kf1 53. Rb7 Rxh7 54. Rxb6 Rc7 55. Kd2 Bb3 56. Rf6 Kf2 57. Kd3 Kf3 58. Rf5 Rd7+ 0-1

[Event "Early-Titled-Tuesday-Blitz-February-06-2024"]
[Site "Chess.com"]
[Date "2024.02.06"]
[Round "6"]
[White "ozates"]
[Black "ilushka"]
[Result "1/2-1/2"]
[WhiteElo "2626"]
[BlackElo "2435"]
[TimeControl "180+1"]
[EndTime "9:08:38 PST"]
[Termination "Game drawn by repetition"]

1. e4 e6 2. d4 d5 3. Nd2 c5 4.
exd5 exd5 5. Ngf3 a6 6. Be2 Nf6 7. O-O Be7 8. dxc5 Bxc5 9. Nb3 Bb6 10. a4 O-O 11. a5 Bc7 12. h3 Nc6 13. Bd2 Ne4 14. Be1 Qd6 15. Bd2 Bf5 16. Be3 Rfe8 17. Nbd4 Bg6 18. Nxc6 bxc6 19. Re1 Bh5 20. g4 Bg6 21.
Bf1 h5 22. Bg2 hxg4 23. hxg4 f5 24. gxf5 Bxf5 25. Kf1 Bg4 26. Qd4 Rf8 27. Ng5 Ng3+ 28. Kg1 Ne2+ 29. Rxe2 Bxe2 30. Qh4 Qg6 31. Re1 Qh5 32.
Qxh5 Bxh5 33. Bd4 Rae8 34. Ra1 Rf5 35. Nh3 Re4 36. Be3 Rf8 37. Bxe4 dxe4 38. Ng5 Bg6 39. Rd1 Rd8 40. Rxd8+ Bxd8 41. Ne6 Bxa5 42. Nd4 c5 43. Nb3 Bb6 44. Nxc5 Bxc5 45. Bxc5 Kf7 46. Be3 Bf5 47. c4 Ke6 48. b4 Kd6 49. Kg2 Be6 50. c5+ Kd5 51. Kg3 Kc4 52. Kf4 Kxb4 53. Kxe4 Kb5 54. Ke5 Bd7 55. Kd6 Bc6 56. Bd4 g6 57. f4 a5 58. Ke7 a4 59. Kf6 Be4 60. Ke5 Bf5 61. Kd6 Be4 62. Ke5 Bf5 63. Kd6 Be4 64. Ke5 1/2-1/2